 Dungeon Crawl Stone Soup version 0.31.0-11-ge490571c62 (webtiles) character file.

Game seed: 12594832750293038387

246252 tilp the Slayer (level 18, -2/188 HPs)
             Began as a Minotaur Berserker on Feb 4, 2024.
             Was a High Priest of Trog.
             Killed from afar by a deep elf pyromancer (17 damage)
             ... with a bolt of fire
             ... on level 1 of the Elven Halls.
             The game lasted 00:54:55 (36390 turns).

tilp the Slayer (Minotaur Berserker)               Turns: 36390, Time: 00:54:55

Health: -2/188     AC: 33    Str: 28    XL:     18   Next: 78%
Magic:  17/17      EV: 17    Int:  1    God:    Trog [*****.]
Gold:   792        SH: 15    Dex: 12    Spells: 17/17 levels left

rFire   + . .        a - +6 broad axe (flame)
rCold   . . .        C - +2 kite shield {AC+3}
rNeg    . . .        U - +1 plate armour {rF+}
rPois   .            S - +1 hat "Pamo" {Will++ rCorr Int-3}
rElec   .            r - +2 cloak
rCorr   +            k - +2 pair of gloves
SInv    .            f - +2 pair of boots
Will    +++++        X - amulet of reflection Stlth
                     R - ring of flight
HPRegen 1.51/turn    H - +5 ring of evasion
MPRegen 0.15/turn

%: reflection
@: on fire, strong-willed, on berserk cooldown, flying, regenerating, slowed,
glowing, very slow
A: horns 2, retaliatory headbutt
}: 2/15 runes: decaying, serpentine
a: Renounce Religion, Berserk, Trog's Hand, Brothers in Arms


You were on level 1 of the Elven Halls.
You worshipped Trog.
Trog was extremely pleased with you.
You visited 6 branches of the dungeon, and saw 31 of its levels.
You visited the Abyss 1 time.

You collected 3196 gold pieces.
You spent 2404 gold pieces at shops.

Inventory:

Hand Weapons
 a - a +6 broad axe of flaming (weapon)
 b - the +11 broad axe of Yjoser {heavy, rPois rC- rN++ rCorr}
   (Trog gifted it to you on level 1 of the Orcish Mines)

   rC-:       It makes you vulnerable to cold.
   rPois:     It protects you from poison rN++: It greatly protects you from
   negative energy.
   rCorr:     It protects you from acid and corrosion.
 n - a +4 antimagic executioner's axe
 u - the +13 battleaxe of Jirghyrr {flame, *Rage rF+ Will+ Stlth+}
   (Trog gifted it to you on level 10 of the Dungeon)

   rF+:       It protects you from fire.
   Will+:     It increases your willpower.
   *Rage:     It berserks you when you make melee attacks (+20% chance).
   Stlth+:    It makes you more stealthy.
Missiles
 o - 21 poisoned darts
 v - 20 boomerangs (quivered)
 G - 4 throwing nets {!f}
 N - 7 javelins
 W - 7 curare-tipped darts {!f}
 Z - 5 datura-tipped darts
Armour
 f - a +2 pair of boots (worn)
 k - a +2 pair of gloves (worn)
 r - a +2 cloak (worn)
 w - a +4 chain mail
 C - a +2 kite shield of protection (worn)
 S - the +1 hat "Pamo" (worn) {Will++ rCorr Int-3}
   (You acquired it on level 2 of the Dungeon)

   Int-3:     It affects your intelligence (-3).
   Will++:    It greatly increases your willpower.
   rCorr:     It protects you from acid and corrosion.
 U - a +1 plate armour of fire resistance (worn)
Jewellery
 c - a ring of see invisible
 B - a +4 ring of slaying
 H - a +5 ring of evasion (right hand)
 I - a ring of poison resistance
 J - a +6 ring of strength
 L - a +6 ring of intelligence
 R - a ring of flight (left hand)
 X - an amulet of reflection (around neck)
Wands
 m - a wand of polymorph (15)
 p - a wand of flame (46)
 t - a wand of roots (27)
 y - a wand of mindburst (28)
 E - a wand of charming (6)
 O - a wand of acid (6)
 Y - a wand of digging (8)
Scrolls
 d - 12 scrolls of blinking
 h - 15 scrolls of teleportation
 s - a scroll of silence
 F - 5 scrolls of fog
 K - 6 scrolls of identify
 Q - a scroll of butterflies
 T - 2 scrolls of revelation
 V - 5 scrolls of fear
Potions
 e - 8 potions of mutation
 i - a potion of berserk rage
 j - 7 potions of haste
 l - 2 potions of enlightenment
 q - 8 potions of heal wounds
 x - 5 potions of curing
 z - 7 potions of attraction
 A - 7 potions of might
 D - 2 potions of resistance
 M - 3 potions of lignification
 P - a potion of invisibility


   Skills:
 + Level 23.0 Fighting
 + Level 21.2 Axes
 - Level 12.0 Throwing
 + Level 15.8 Armour
 - Level 14.0 Dodging
 - Level 4.0 Stealth
 - Level 4.0 Shields
 - Level 10.0 Evocations


You had 17 spell levels left.
You didn't know any spells.
Your spell library was empty.

Dungeon Overview and Level Annotations

Branches:
Dungeon (15/15)            Temple (0/1) D:5            Lair (5/5) D:10
  Swamp (4/4) Lair:3        Snake (4/4) Lair:2        Slime (0/5) Lair:5
    Orc (2/2) D:12            Elf (1/3) Orc:2        Vaults (0/5) D:14
 Depths (0/4) D:15

Altars:
Cheibriados
Elyvilon
Fedhas
Kikubaaqudgha
Makhleb
Sif Muna
Trog
Uskayaw
Vehumet
Yredelemnul
The Shining One
Jiyva

Shops:
D:2 [[(**   D:12 ([   Orc:2 ?*![   Snake:4 [


Innate Abilities, Weirdness & Mutations

You have a pair of horns on your head.
You reflexively headbutt those who attack you in melee.


Message History

Unknown command.
You chop the fire elemental into pieces!!!
You destroy the fire elemental!
The fire elemental disappears in a puff of smoke!
The deep elf zephyrmancer casts a spell.
The deep elf zephyrmancer blinks!
The deep elf pyromancer casts a spell.
The deep elf pyromancer blinks!
You feel a strong urge to attack something.
You feel your anger nearly subside.
You are no longer berserk.
You are exhausted.
You feel yourself slow down.
The deep elf pyromancer gestures at you while chanting.
The pyre arrow misses you.
The deep elf pyromancer gestures at you while chanting.
The bolt of fire hits you!! You resist.
* * * LOW HITPOINT WARNING * * *
The deep elf pyromancer gestures at you while chanting.
The pyre arrow hits you.
You are covered in intense liquid fire!
You see here a +2 scimitar of holy wrath.
You shake off some of the fire as you move.
The liquid fire burns you!
* * * LOW HITPOINT WARNING * * *
The deep elf pyromancer hits you but does no damage.
You block the deep elf pyromancer's attack.
Items here: )) ††.
Unknown command.
You slice the deep elf pyromancer!! You burn the deep elf pyromancer!
You kill the deep elf pyromancer!
Trog accepts your kill.
Trog appreciates your killing of a magic user.
You slash the deep elf pyromancer! You burn the deep elf pyromancer.
The liquid fire burns you!
* * * LOW HITPOINT WARNING * * *
The deep elf zephyrmancer mumbles some strange words.
The deep elf zephyrmancer blinks!
The deep elf pyromancer casts a spell at you.
The bolt of fire hits you! You resist.
You die...

. ## . ## .# ..## #. !
.§ ....# ..# ##.# .#.
.....# ...##...##..
....# #.... .....# ...#
#... #e)## #..# #...
#@.##).# #..# ##).)..#
#..##.)##..#
#...)###.## ##..## #.#
############.##
#####.............####
#.....#####.##.)......#
#......# #.##..#.###.#


You could see a deep elf pyromancer (empowered).

Vanquished Creatures
  the Lernaean hydra (Swamp:4)
  A tentacled monstrosity (Swamp:2)
  Frances (D:14)
  Kirke (Swamp:1)
  A nagaraja (Snake:4)
  Aizul (Swamp:2)
  2 fenstrider witches (Swamp:2)
  A very ugly thing (D:15)
  3 eleionomae
  6 bunyips
  A shambling mangrove (Swamp:4)
  A fire dragon (Lair:5)
  A great orb of eyes (D:15)
  A deep elf high priest (Elf:1)
  A vault guard (D:14)
  2 rakshasas
  Harold (D:9)
  A ghost crab (Swamp:4)
  25 hydras
  9 alligators
  3 salamander tyrants (Snake:4)
  6 centaur warriors
  Erolcha (D:9)
  14 anacondas
  A two-headed ogre (shapeshifter) (D:14)
  2 catoblepae
  A death knight (D:13)
  8 boulder beetles
  15 naga warriors
  2 two-headed ogres (D:9)
  2 dancing weapons (Elf:1)
  2 death yaks (Lair:5)
  8 naga sharpshooters
  3 orc high priests (Orc:2)
  2 thrashing horrors (Abyss:2)
  3 tengu warriors
  10 shock serpents
  Urug (D:12)
  3 deep elf knights (Elf:1)
  3 skysharks
  6 salamander mystics (Snake:4)
  12 mana vipers
  5 goliath frogs
  An orb spider (shapeshifter) (Elf:1)
  9 swamp dragons
  4 naga ritualists
  6 spriggan druids
  A glowing orange brain (D:14)
  2 deep elf archers (Elf:1)
  6 bog bodies
  6 lindwurms
  5 orc knights
  10 deep elf zephyrmancers (Elf:1)
  A harpy (shapeshifter) (D:13)
  3 manticores
  5 will-o-the-wisps
  22 ugly things
  15 deep elf pyromancers
  6 orc sorcerers
  A wolf spider (D:15)
  6 cyclopes
  22 salamanders
  A moth of wrath (Lair:5)
  A meliai (D:13)
  Maurice (D:7)
  7 torpor snails (Lair:5)
  18 naga magi
  35 black mambas
  18 elephants
  6 kobold blastminers
  9 guardian serpents
  7 cane toads
  Maggie (D:8)
  3 unseen horrors
  8 komodo dragons
  A freezing wraith (D:14)
  A kobold demonologist (D:13)
  5 rime drakes
  3 tengu conjurers
  6 trolls
  3 polar bears
  12 tyrant leeches
  32 hornets
  27 blink frogs
  3 wyverns
  16 slime creatures
  A shadow (D:11)
  9 spriggans
  Sigmund (D:4)
  An air elemental (Elf:1)
  A water elemental (Elf:1)
  A centaur simulacrum (D:13)
  6 basilisks
  A basilisk (shapeshifter) (D:15)
  2 hogs (Swamp:1)
  4 wraiths
  59 yaks
  A fire elemental (Elf:1)
  11 vampire mosquitoes
  4 steam dragons
  16 swamp worms
  3 acid dragons
  39 nagas
  13 water moccasins
  19 orc warriors
  8 swamp drakes
  3 sky beasts
  A black bear (D:4)
  A hell hound (Abyss:2)
  2 laughing skulls (D:15)
  5 ice beasts
  4 ogres
  13 wolves
  11 centaurs
  A phantom (D:5)
  2 kobold brigands (D:14)
  8 bullfrogs
  4 scorpions
  4 earth elementals (Elf:1)
  A gnoll sergeant (D:11)
  3 wights (D:8)
  7 killer bees
  5 electric eels
  2 vampire bats (D:15)
  3 howler monkeys
  2 bombardier beetles
  A jelly (D:5)
  Crazy Yiuf (D:3)
  3 gnoll boudas
  19 orc priests
  4 hounds
  Jessica (D:3)
  5 iguanas
  16 orc wizards
  A sleepcap (D:6)
  7 hell rats (Lair:1)
  30 gnolls
  9 adders
  A shadow imp (D:5)
  A white imp (D:7)
  3 ufetubi
  3 dart slugs
  4 ribbon worms (D:10)
  55 orcs
  7 ball pythons
  6 bats
  4 bat skeletons (D:15)
  3 bat zombies (D:15)
  8 endoplasms
  3 giant cockroaches
  8 goblins
  13 hobgoblins
  3 jackals (D:1)
  15 kobolds
  4 quokkas
  4 frilled lizards
  6 rats
  A lurking horror (Abyss:2)
1060 creatures vanquished.

Vanquished Creatures (collateral kills)
  A swamp dragon (Swamp:2)
1 creature vanquished.

Vanquished Creatures (others)
  A salamander mystic (Snake:4)
  A black mamba (Snake:2)
  3 bloated husks
  2 hogs (Swamp:1)
  An orc (Orc:2)
  20 foxfires
  6 starspawn tentacles (Abyss:2)
34 creatures vanquished.

Grand Total: 1095 creatures vanquished

Notes
Turn   | Place    | Note
-------+----------+-------------------------------------------
     0 | D:1      | tilp the Minotaur Berserker began the quest for the Orb.
     0 | D:1      | Reached XP level 1. HP: 19/19 MP: 0/0
   131 | D:1      | Reached XP level 2. HP: 27/27 MP: 1/1
   380 | D:1      | Reached ** piety under Trog
   387 | D:1      | Reached XP level 3. HP: 21/33 MP: 2/2
  1163 | D:2      | Found Xahaeth's Antique Weapon Shoppe.
  1184 | D:2      | Reached skill level 4 in Fighting
  1190 | D:2      | Reached skill level 1 in Stealth
  1194 | D:2      | Reached XP level 4. HP: 20/40 MP: 3/3
  1197 | D:2      | Found Lievaejo's Antique Armour Boutique.
  1387 | D:2      | Found Loell's General Store.
  1506 | D:2      | Noticed an animated shadow dragon scales
  1521 | D:2      | Noticed an animated pearl dragon scales
  1522 | D:2      | Found Mutunoihedgh's Armour Emporium.
  1528 | D:2      | Found a faded altar of an unknown god.
  1679 | D:2      | Found Miacuy's General Store.
  1687 | D:2      | Bought a scroll of revelation for 75 gold pieces
  1912 | D:3      | Noticed a scorpion
  1918 | D:3      | Killed a scorpion
  1919 | D:3      | Reached skill level 5 in Axes
  1919 | D:3      | Reached XP level 5. HP: 47/47 MP: 4/4
  2041 | D:3      | Found a radiant altar of Vehumet.
  2044 | D:3      | Noticed Jessica
  2052 | D:3      | Killed Jessica
  2189 | D:3      | Reached *** piety under Trog
  2338 | D:3      | Found a runed translucent door.
  2339 | D:3      | Noticed Crazy Yiuf
  2535 | D:3      | Found a blossoming altar of Fedhas.
  2735 | D:3      | Killed Crazy Yiuf
  2736 | D:3      | Reached XP level 6. HP: 53/53 MP: 5/5
  3241 | D:4      | Noticed Sigmund
  3246 | D:4      | Killed Sigmund
  3247 | D:4      | Reached skill level 5 in Fighting
  3247 | D:4      | Reached skill level 1 in Throwing
  3247 | D:4      | Reached skill level 1 in Shields
  3247 | D:4      | Reached skill level 1 in Evocations
  3296 | D:4      | Reached XP level 7. HP: 61/61 MP: 6/6
  4150 | D:5      | Entered Level 5 of the Dungeon
  4211 | D:5      | Found a bloodstained altar of Trog.
  4228 | D:5      | Reached XP level 8. HP: 70/70 MP: 7/7
  4244 | D:5      | Reached skill level 6 in Fighting
  4282 | D:5      | Found a staircase to the Ecumenical Temple.
  4334 | D:5      | Found a burning altar of Makhleb.
  4341 | D:5      | You fall into a shaft and drop 3 floors!
  4358 | D:8      | Reached skill level 5 in Dodging
  4512 | D:7      | Noticed Maurice
  4536 | D:7      | Maurice stole 44 gold
  4540 | D:7      | Maurice stole 11 poisoned darts
  4546 | D:7      | Maurice stole 90 gold
  4547 | D:7      | Killed Maurice
  4548 | D:7      | Reached skill level 7 in Fighting
  4592 | D:6      | Reached XP level 9. HP: 78/79 MP: 8/8
  4711 | D:6      | Reached skill level 10 in Axes
  4711 | D:6      | Reached **** piety under Trog
  5053 | D:5      | Found a white marble altar of Elyvilon.
  5062 | D:5      | Reached skill level 8 in Fighting
  5370 | D:5      | Found a snail-covered altar of Cheibriados.
  5468 | D:2      | Bought a shiny chain mail for 217 gold pieces
  6554 | D:8      | Reached skill level 9 in Fighting
  6564 | D:8      | Reached XP level 10. HP: 63/91 MP: 9/9
  6714 | D:8      | Noticed Maggie
  6724 | D:8      | Killed Maggie
  6800 | D:8      | Found a hide-covered altar of Uskayaw.
  6803 | D:8      | Found a shimmering blue altar of Sif Muna.
  6833 | D:8      | Found a basalt altar of Yredelemnul.
  6853 | D:8      | Found an ancient bone altar of Kikubaaqudgha.
  7153 | D:9      | Noticed a two-headed ogre
  7161 | D:9      | Killed a two-headed ogre
  7162 | D:9      | Reached skill level 10 in Fighting
  7585 | D:9      | Reached skill level 15 in Axes
  7593 | D:9      | Noticed Harold
  7600 | D:9      | Killed Harold
  7709 | D:9      | Noticed Erolcha
  7712 | Abyss:2  | Cast into level 2 of the Abyss (Erolcha)
  7715 | Abyss:2  | Found a corrupted altar of Lugonu.
  7731 | Abyss:2  | Noticed a thrashing horror
  7732 | Abyss:2  | Found a corrupted altar of Lugonu.
  7732 | Abyss:2  | Noticed a thrashing horror
  7742 | Abyss:2  | Killed a thrashing horror
  7743 | Abyss:2  | Reached XP level 11. HP: 99/99 MP: 10/10
  7743 | Abyss:2  | Killed a thrashing horror
  7744 | Abyss:2  | Found a corrupted altar of Lugonu.
  7744 | Abyss:2  | Found a corrupted altar of Lugonu.
  7750 | Abyss:2  | Noticed a tentacled starspawn
  7779 | Abyss:2  | Found a corrupted altar of Lugonu.
  7808 | D:9      | Escaped the Abyss
  7817 | D:9      | Killed Erolcha
  7818 | D:9      | Reached skill level 11 in Fighting
  7882 | D:9      | Found a glowing golden altar of the Shining One.
  8063 | D:9      | Noticed a two-headed ogre
  8068 | D:9      | Killed a two-headed ogre
  8245 | D:10     | Entered Level 10 of the Dungeon
  8465 | D:10     | Reached skill level 12 in Fighting
  8472 | D:10     | Found a staircase to the Lair.
  8472 | D:10     | Identified the +1 ring mail "Hogeshar" {rElec rF+ rN+
                  | Str-3}
  8507 | D:10     | Reached skill level 13 in Fighting
  9414 | D:2      | Bought 2 scrolls of enchant armour for 180 gold pieces
  9447 | D:2      | Bought a scroll of fog for 40 gold pieces
  9480 | D:2      | Bought a scroll of identify for 24 gold pieces
  9480 | D:2      | Bought a scroll of identify for 24 gold pieces
  9492 | D:2      | Identified a scroll of acquirement
  9492 | D:2      | Acquired the +1 hat "Pamo" {Will++ rCorr Int-3}
  9744 | D:11     | Noticed a boulder beetle
  9759 | D:11     | Killed a boulder beetle
  9760 | D:11     | Reached skill level 14 in Fighting
 10549 | Lair:1   | Entered Level 1 of the Lair of Beasts
 10802 | Lair:1   | Reached skill level 15 in Fighting
 10802 | Lair:1   | Reached XP level 12. HP: 115/119 MP: 11/11
 11414 | Lair:2   | Found a staircase to the Snake Pit.
 11430 | Lair:2   | Noticed a boulder beetle
 11432 | Lair:2   | Paralysed by a hornet for 2 turns
 11446 | Lair:2   | Killed a boulder beetle
 11447 | Lair:2   | Reached skill level 16 in Fighting
 11798 | Lair:2   | You fall into a shaft and drop 2 floors!
 11884 | Lair:4   | Noticed a catoblepas
 11906 | Lair:4   | Killed a catoblepas
 11930 | Lair:4   | Reached skill level 5 in Armour
 12727 | D:2      | Bought a scroll of identify for 24 gold pieces
 12727 | D:2      | Bought a scroll of identify for 24 gold pieces
 12760 | D:2      | Bought a scroll of teleportation for 30 gold pieces
 12760 | D:2      | Bought a scroll of teleportation for 30 gold pieces
 12992 | Lair:3   | Found a staircase to the Swamp.
 13006 | Lair:3   | Reached ***** piety under Trog
 13616 | Lair:3   | Noticed a seven-headed hydra
 13627 | Lair:3   | Killed a seven-headed hydra
 13833 | Lair:4   | Reached XP level 13. HP: 130/130 MP: 12/12
 14048 | Lair:4   | Reached skill level 5 in Throwing
 14998 | Lair:5   | Entered Level 5 of the Lair of Beasts
 15007 | Lair:4   | Received a gift from Trog
 15189 | Lair:4   | Reached skill level 17 in Fighting
 15189 | Lair:4   | Reached skill level 5 in Evocations
 15855 | Lair:5   | Reached XP level 14. HP: 122/140 MP: 13/13
 16343 | Lair:4   | Reached skill level 10 in Dodging
 16533 | Lair:5   | Received a gift from Trog
 16564 | Lair:5   | Reached skill level 18 in Fighting
 16599 | Lair:5   | Reached skill level 10 in Armour
 17092 | Lair:5   | Reached skill level 19 in Fighting
 17126 | Lair:5   | Found a staircase to the Slime Pits.
 17127 | Lair:5   | Found a viscous altar of Jiyva.
 17901 | D:2      | Bought a potion of haste for 120 gold pieces
 18123 | D:12     | Found Noeck's Weapon Shop.
 18125 | D:12     | Found a staircase to the Orcish Mines.
 18127 | D:12     | Found Cehan's Armour Shop.
 18475 | D:12     | Noticed Urug
 18489 | D:12     | Killed Urug
 19302 | Orc:1    | Entered Level 1 of the Orcish Mines
 19374 | Orc:1    | Reached skill level 20 in Fighting
 19729 | Orc:2    | Entered Level 2 of the Orcish Mines
 19729 | Orc:2    | Found a staircase to the Elven Halls.
 20518 | Orc:2    | Reached ****** piety under Trog
 20592 | Orc:2    | Reached XP level 15. HP: 131/155 MP: 14/14
 20733 | Orc:2    | Found Nilosyin's Distillery.
 20741 | Orc:2    | Found Caeriut's Magic Scroll Boutique.
 20747 | Orc:2    | Found Yzxuovi's General Store.
 20749 | Orc:2    | Found Kyabbai's Antique Armour Shoppe.
 20816 | Orc:1    | Identified the +11 broad axe of Yjoser {heavy, rPois rC-
                  | rN++ rCorr} (Trog gifted it to you on level 1 of the Orcish
                  | Mines)
 20816 | Orc:1    | Received a gift from Trog
 20912 | Orc:2    | Bought a scroll of acquirement for 676 gold pieces
 20912 | Orc:2    | Acquired a manual of Axes
 20914 | Orc:2    | Bought a scroll of revelation for 97 gold pieces
 20914 | Orc:2    | Bought a scroll of blinking for 97 gold pieces
 20984 | D:12     | Bought a +1 plate armour of fire resistance for 560 gold
                  | pieces
 21671 | D:13     | Identified the orb "Buvayvue" {*channel, -Tele rC+ Dex+3}
 22374 | D:14     | Noticed Frances
 22384 | D:14     | Killed Frances
 22680 | D:14     | Received a gift from Trog
 23070 | D:14     | Found a gate to the Vaults.
 23415 | D:15     | Entered Level 15 of the Dungeon
 23542 | D:15     | Found a staircase to the Depths.
 24201 | D:15     | Found an ancient bone altar of Kikubaaqudgha.
 24502 | Snake:1  | Entered Level 1 of the Snake Pit
 24528 | Snake:1  | Reached XP level 16. HP: 161/161 MP: 15/15
 24593 | Snake:1  | You fall into a shaft and drop 1 floor!
 25133 | Snake:1  | Reached skill level 21 in Fighting
 25178 | Snake:1  | Received a gift from Trog
 27963 | Snake:4  | Entered Level 4 of the Snake Pit
 28265 | Snake:4  | Found an ancient bone altar of Kikubaaqudgha.
 28437 | Snake:4  | Received a gift from Trog
 28609 | Snake:4  | Found Xairog's Armour Boutique.
 29014 | Snake:4  | Reached XP level 17. HP: 137/173 MP: 16/16
 29715 | Snake:4  | Reached skill level 10 in Throwing
 29715 | Snake:4  | Received a gift from Trog
 30821 | Snake:4  | Got a serpentine rune of Zot
 31027 | Swamp:1  | Entered Level 1 of the Swamp
 31049 | Swamp:1  | Noticed Kirke
 31058 | Swamp:1  | Reached skill level 22 in Fighting
 31063 | Swamp:1  | Killed Kirke
 31916 | D:10     | Reached skill level 10 in Evocations
 31923 | D:10     | Identified the +13 battleaxe of Jirghyrr {flame, *Rage rF+
                  | Will+ Stlth+} (Trog gifted it to you on level 10 of the
                  | Dungeon)
 31923 | D:10     | Received a gift from Trog
 32053 | Swamp:2  | Noticed a tentacled monstrosity
 32062 | Swamp:2  | Killed a tentacled monstrosity
 32086 | Swamp:2  | HP: 6/176 [poisoned by a swamp dragon (poison gas)]
 32302 | Orc:2    | Bought a potion of curing for 30 gold pieces
 32312 | Orc:2    | Bought a potion of heal wounds for 60 gold pieces
 32312 | Orc:2    | Bought a potion of heal wounds for 60 gold pieces
 32312 | Orc:2    | Bought a potion of curing for 36 gold pieces
 32633 | Swamp:2  | Identified the serpent talisman of Dufapeno {Str+4}
 32633 | Swamp:2  | Noticed Aizul
 32647 | Swamp:2  | Killed Aizul
 33051 | Swamp:2  | Reached XP level 18. HP: 184/184 MP: 17/17
 33505 | Swamp:3  | Found a glowing golden altar of the Shining One.
 33858 | Swamp:3  | Received a gift from Trog
 34150 | Swamp:4  | Entered Level 4 of the Swamp
 34624 | Swamp:4  | Reached skill level 15 in Armour
 35098 | Swamp:4  | Noticed the 27-headed Lernaean hydra
 35109 | Swamp:4  | Killed the 25-headed Lernaean hydra
 35498 | Swamp:4  | Got a decaying rune of Zot
 35798 | Elf:1    | Entered Level 1 of the Elven Halls
 35803 | Elf:1    | Received a gift from Trog
 36335 | Elf:1    | Reached skill level 23 in Fighting
 36390 | Elf:1    | Killed from afar by a deep elf pyromancer

Illustrated notes

Levels and vault maps discovered:
D:1:      psy_arrival_whirlpool, layout_basic, serial_forest,
          infiniplex_forest_straight_2, infiniplex_forest_zigzag_2,
          infiniplex_forest_lined_3, infiniplex_forest_lined_room_,
          infiniplex_forest_end_2, dreamdust_princess_corridor,
          chequers_serial_rivers_large_a
D:2:      layout_loops_cross, basic_ecumenical_altar, serial_shops, shop,
          nicolae_shop_mannequins, shop, nicolae_shop_tiny_waterfront,
          nicolae_shop_tiny_waterfront, grunt_ministairs_9,
          nicolae_grassy_gnolls
D:3:      layout_loops_ring, mainiacjoe_overflow_small_starburst,
          vehumet_altar_wand_db, uniq_crazy_yiuf_cottage, uniq_jessica
D:4:      layout_gridville, grunt_tough_drop, uniq_sigmund
D:5:      layout_layer_cave, trog_three_pillars_becter, general_overflow_altar,
          minmay_temple_entry_mini_moons, portal_sewer_entry_d,
          hangedman_feature_mirror, kennysheep_generic_room_4
D:6:      layout_cave_pools
D:7:      cheibrodos_steamvent, layout_basic, uniq_maurice
D:8:      layout_basic, grunt_temple_overflow_cloverleaf, uniq_maggie
D:9:      layout_irregular_city, kennysheep_mini, serial_bayou,
          serial_bayou_pond_a, serial_bayou_pond_e, serial_bayou_crossing,
          serial_bayou_lagoon_a, uniq_erolcha, uniq_harold
D:10:     layout_basic, hellmonk_lair_entry_icy,
          nicolae_concentric_dashed_squares_mild, hive_lemuel
D:11:     layout_loops_ring, nicolae_twisting_strands
D:12:     layout_stronghold, orc_david_3, uniq_urug
D:13:     layout_stronghold, minmay_the_grid_2x2 [minmay_the_grid_tiny_cups,
          minmay_the_grid_rooms, minmay_the_grid_empty,
          minmay_the_grid_prize_four_corners_diamond_b]
D:14:     layout_irregular_city, hellmonk_vaults_order_and_chaos,
          minmay_unpleasant_kobolds, uniq_frances
D:15:     gammafunk_enter_depths_forms, layout_rooms, nicolae_tricolors,
          chequers_mini_garden, kennysheep_vampire_church
Lair:1:   layout_chaotic_city, lemuel_fruit_tree, infiniplex_staircase_pool
Lair:2:   layout_gridlike, dummy_snake_entry
Lair:3:   layout_roguey, skrybe_swamp_entry_bodies, pond
Lair:4:   layout_layer_cave, lemuel_old_faithful
Lair:5:   wormcave, layout_misc_corridors, slime_entry_1, worms_lemuel,
          serial_bayou_shore_a, grunt_megastairs_2
Swamp:1:  layout_basic_swamp, nicolae_swamp_orc_logging_accident, uniq_kirke
Swamp:2:  nicolae_swamp_husk_halls, layout_basic_swamp,
          infiniplex_staircase_pool_2, swamp_pool_4, st_swamp_mini, uniq_aizul
Swamp:3:  layout_falls_marsh, lemuel_altar_in_water
Swamp:4:  swamp_old_school, layout_basic_swamp
Snake:1:  layout_misc_corridors
Snake:2:  layout_gridlike, nicolae_snake_lava_pool, grunt_megastairs_3
Snake:3:  layout_gridlike, drop_trap
Snake:4:  snake_pit_salamanders_mu, layout_gridlike, basic_altar, serial_shops,
          nicolae_shop_getting_attention
Orc:1:    layout_diamond_mine
Orc:2:    st_orc_elflike, layout_caves, basic_altar
Elf:1:    elf_arrival_002, layout_loops_cross, minmay_elf_demonology

Skill      XL: |  1  2  3  4  5  6  7  8  9 10 11 12 13 14 15 16 17 18 |
---------------+-------------------------------------------------------+-----
Axes           | 4 5 6 7 9 12 15 16 17 18 19 21 | 21.2
Fighting       | 4 5 7 9 10 15 16 17 20 21 22 23 | 23.0
Stealth        | 1 2 4 |  4.0
Armour         | 3 4 6 8 10 11 13 14 15 | 15.8
Dodging        | 3 4 5 6 7 9 10 11 12 13 14 | 14.0
Throwing       | 1 2 4 6 8 9 11 12 | 12.0
Shields        | 1 2 4 |  4.0
Evocations     | 1 2 4 6 7 9 10 | 10.0

Action                     |  1- 3 |  4- 6 |  7- 9 | 10-12 | 13-15 | 16-18 || total
---------------------------+-------+-------+-------+-------+-------+-------++-------
  Melee: Hand axe          |    61 |   112 |   186 |       |       |       ||   359
         Headbutt          |     9 |    17 |    60 |   100 |   235 |   276 ||   697
         Punch             |     1 |       |       |       |       |       ||     1
         War axe           |       |       |    64 |   381 |   856 |   130 ||  1431
         Broad axe         |       |       |       |       |       |   963 ||   963
  Throw: Boomerang         |       |       |       |     9 |     8 |       ||    17
         Dart              |       |       |       |     1 |       |       ||     1
 Invoke: Berserk           |     1 |     5 |     7 |    12 |    12 |    10 ||    47
         Trog's Hand       |       |       |     3 |     3 |     2 |     8 ||    16
         Brothers in Arms  |       |       |       |       |     1 |     3 ||     4
  Evoke: Wand              |       |       |       |     4 |    18 |     1 ||    23
    Use: Scroll            |     3 |     2 |     2 |    19 |     5 |     5 ||    36
         Potion            |       |       |     1 |       |       |     6 ||     7
   Stab: Sleeping          |       |     1 |       |       |       |       ||     1
         Distracted        |       |       |       |       |       |     1 ||     1
 Armour: Animal skin       |     6 |       |       |       |       |       ||     6
         Leather armour    |    31 |    39 |       |       |       |       ||    70
         Ring mail         |       |    18 |   168 |       |       |       ||   186
         Chain mail        |       |       |    31 |   297 |   386 |       ||   714
         Plate armour      |       |       |       |       |   232 |   763 ||   995
  Dodge: Dodged            |    50 |    57 |   136 |   151 |   428 |   442 ||  1264
  Block: Buckler           |       |    15 |    54 |    36 |       |       ||   105
         Kite shield       |       |       |       |    52 |   356 |   728 ||  1136
         Reflection        |       |       |       |       |     2 |    54 ||    56
